 Dungeon Crawl Stone Soup version 0.25.1-2-g60ff931df9 (webtiles) character file.

Game seed: 17869122860257520399

42 DearestLeader the Skirmisher (level 3, 0/29 HPs)
             Began as a Demonspawn Abyssal Knight on Sept 13, 2020.
             Was a Believer of Lugonu.
             Succumbed to an adder's poison
             ... on level 1 of the Dungeon.
             The game lasted 00:02:58 (1222 turns).

DearestLeader the Skirmisher (DsAK)                 Turns: 1222, Time: 00:02:58

Health: 0/29       AC:  9    Str: 13    XL:     3   Next: 33%
Magic:  4/4        EV: 10    Int: 13    God:    Lugonu [**....]
Gold:   27         SH:  0    Dex: 12    Spells: 2/2 levels left

rFire    . . .     SeeInvis .   a - +1 mace
rCold    . . .     Gourm    .   (no shield)
rNeg     . . .     Faith    .   h - +0 ring mail
rPois    .         Spirit   .   (no helmet)
rElec    .         Reflect  .   (no cloak)
rCorr    .         Harm     .   (no gloves)
MR       .....                  (no boots)
Stlth    +.........             (no amulet)
HPRegen  0.09/turn              (no ring)
MPRegen  0.09/turn              (no ring)

@: lethally poisoned (0 -> -9)
A: iridescent scales 2
a: Depart the Abyss, Bend Space, Renounce Religion


You were on level 1 of the Dungeon.
You worshipped Lugonu.
Lugonu was pleased with you.
You were not hungry.

You visited 1 branch of the dungeon, and saw 2 of its levels.
You visited the Abyss 1 time.

You collected 27 gold pieces.

Inventory:

Hand Weapons
 a - a +1 mace (weapon)
Missiles
 e - 12 poisoned darts (quivered)
Armour
 b - a +0 leather armour
 h - a +0 ring mail (worn)
Scrolls
 d - a scroll of identify
 g - a scroll of immolation {unknown}
 i - a scroll of teleportation
 j - a scroll of magic mapping {unknown}
Comestibles
 c - 2 rations


   Skills:
 - Level 3.0 Fighting
 * Level 3.0 Maces & Flails
 + Level 2.3 Armour
 - Level 1.0 Dodging
 - Level 2.4 Invocations


You had 2 spell levels left.
You didn't know any spells.
Your spell library was empty.

Dungeon Overview and Level Annotations

Branches:
Dungeon (2/15)

Altars:


Innate Abilities, Weirdness & Mutations

You are mostly covered in iridescent scales. (AC +4)


Message History

The adder is severely wounded.
You feel sick. The adder bites you but does no damage.
You miss the adder.
The adder is severely wounded.
* * * LOW HITPOINT WARNING * * *
You feel sick. The adder barely misses you.
The adder bites you but does no damage.
You barely miss the adder.
The adder is severely wounded.
* * * LOW HITPOINT WARNING * * *
You feel sick. The adder bites you.
* * * LOW HITPOINT WARNING * * *
You hit the adder.
The adder is almost dead.
* * * LOW HITPOINT WARNING * * *
You feel sick. The adder barely misses you.
The adder bites you but does no damage.
You miss the adder.
The adder is almost dead.
You die...

###########
#.........#
#S#######.####### #@#
#...........##
#####.###>###.........
#
#..........##..####.#.
## ####.###.#.....#..#
##.#. .# #....#
#.##...##..# #..#. .#
#.####
#..........###.##. .#
#.# #####.####........
#### #.# #.#
######.###
...######.####
##'###........#


You could see an adder.

Vanquished Creatures
  An ooze (D:1)
  A leopard gecko (D:1)
  3 bats (D:1)
  4 giant cockroaches (D:1)
  3 hobgoblins (D:1)
  3 kobolds (D:1)
  A ball python (D:2)
  13 frilled lizards (D:1)
  4 goblins (D:1)
  5 rats
38 creatures vanquished.

Notes
Turn   | Place    | Note
-------+----------+-------------------------------------------
     0 | Abyss:1  | DearestLeader the Demonspawn Abyssal Knight began the quest
                  | for the Orb.
     0 | Abyss:1  | Reached XP level 1. HP: 18/18 MP: 2/2
    38 | D:1      | Escaped the Abyss
    73 | D:1      | Reached skill level 1 in Dodging
   374 | D:1      | Gained mutation: You are partially covered in iridescent
                  | scales. (AC +2) [demonic ancestry]
   374 | D:1      | Reached XP level 2. HP: 21/24 MP: 3/3
   802 | D:1      | Reached ** piety under Lugonu
   829 | D:1      | Gained mutation: You are mostly covered in iridescent
                  | scales. (AC +4) [demonic ancestry]
   829 | D:1      | Reached XP level 3. HP: 22/29 MP: 4/4
  1221 | D:1      | HP: 1/29 [poisoned by an adder]
  1222 | D:1      | Succumbed to an adder's poison

Illustrated notes

Levels and vault maps discovered:
D:1:      heliophobic_arrival_battle_scene, layout_loops_corners,
          minmay_lizard_pond
D:2:      layout_rooms, overflow_temple_1_default, first_ration,
          guppyfry_early_lair_pool

Skill      XL: |  1  2  3 |
---------------+----------+-----
Dodging        | 1 |  1.0
Maces & Flails | 2 3 |  3.0
Armour         | 2 |  2.3
Fighting       | |  3.0
Invocations    | |  2.4

Action                   || total
-------------------------++-------
Melee: Mace              ||   105
Invok: Bend Space        ||     1
  Use: Scroll            ||     2
  Eat: Chunk             ||     1
Armor: Leather armour    ||    13
       Ring mail         ||    27
Dodge: Dodged            ||    83
